[Event "Titled Tuesday Blitz June 27 Early 2023"]
[White "Veiga, Jose Francisco R P Neves"]
[Black "Hoffmann, Asa"]
[WhiteFideId "1930087"]
[BlackFideId "2001470"]
[WhiteElo "2692"]
[BlackElo "2381"]
[Result "0-1"]
[Round "1"]
[TimeControl "180+2"]
[Date "2023.06.27"]
[WhiteClock "0:00:13"]
[BlackClock "0:00:26"]
[Board "133"]

1. d4 Nf6 2. c4 c5 3. d5 e5 4. Nc3 d6 5. e4 Be7 6. Nge2 Nbd7 7. Ng3 g6 8. Be2 h5 9. h3 h4 10. Nf1 Nh5 11. Bg4 a6 12. a3 Bg5 13. b4 b6 14. Ne3 Nf4 15. g3 hxg3 16. fxg3 Nh5 17. Qf3 Nxg3 18. Ng2 Nxh1 19. h4 Bxh4+ 20. Kd2 Bg5+ 21. Kc2 Bxc1 22. Rxc1 Nf6 23. Bxc8 Rxc8 24. Kb3 Qe7 25. Ne3 Kf8 26. Rxh1 Rxh1 27. Qxh1 Kg7 28. b5 a5 29. Qf3 Rh8 30. Na4 Nh5 31. Nxb6 Nf4 32. Ka4 Rh3 33. Qf2 Qg5 34. Nc8 Nd3 35. Qe2 Rxe3 36. Qh2 Qf4 37. Qg1 Nb2+ 38. Kxa5 Nxc4+ 39. Ka6 Rxa3+ 40. Kb7 Qf6 41. Qg4 Na5+ 42. Kc7 c4 43. b6 c3 44. Nxd6 Qe7+ 45. Qd7 Qxd7+ 46. Kxd7 c2 47. Nc4 Nxc4 48. b7 Rb3 0-1


[Site "https://www.chess.com"]

[Event "Titled Tuesday Blitz June 27 Early 2023"]
[White "Sokolov, Andrei"]
[Black "Goryachkina, Aleksandra"]
[WhiteFideId "11600306"]
[BlackFideId "4147103"]
[WhiteElo "2380"]
[BlackElo "2688"]
[Result "0-1"]
[Round "1"]
[TimeControl "180+2"]
[Date "2023.06.27"]
[WhiteClock "0:00:05"]
[BlackClock "0:00:08"]
[Board "134"]

1. d4 Nf6 2. c4 e6 3. g3 d5 4. Nf3 dxc4 5. Bg2 Bb4+ 6. Bd2 a5 7. a3 Be7 8. O-O O-O 9. Qa4 b6 10. Qxc4 Ba6 11. Qc2 Bxe2 12. Rc1 Bxf3 13. Bxf3 Ra7 14. Bf4 Bd6 15. Bg5 h6 16. Be3 Nd5 17. Qd3 Qf6 18. Bd1 Nxe3 19. fxe3 c5 20. Bc2 g6 21. Rf1 Qe7 22. Nd2 Nd7 23. Ne4 Rc7 24. Rf3 c4 25. Qf1 f5 26. Nd2 b5 27. a4 Bb4 28. Qe2 Bxd2 29. Qxd2 b4 30. Qg2 Nf6 31. Raf1 c3 32. b3 Rcc8 33. h3 Kg7 34. g4 fxg4 35. hxg4 Nd5 36. Rxf8 Rxf8 37. Qe4 Rxf1+ 38. Kxf1 Qf6+ 39. Kg2 Qf7 40. Qd3 Qf6 41. Qe4 Kf7 42. Qd3 Ne7 43. Qe4 Qg5 44. Qf3+ Kg7 45. Qe4 h5 46. Kg3 Qxg4+ 47. Qxg4 hxg4 48. Kxg4 Nd5 49. Kf3 Kf6 50. Ke4 g5 51. Kd3 g4 52. e4 Nf4+ 53. Kc4 g3 54. Bd1 g2 55. e5+ Kg5 56. Bf3 g1=Q 57. Kb5 Qxd4 58. Kxa5 Qxe5+ 59. Kxb4 c2 60. a5 c1=Q 61. a6 Qcc3+ 62. Ka4 Qea5# 0-1


[Site "https://www.chess.com"]

[Event "Titled Tuesday Blitz June 27 Early 2023"]
[White "Liyanage, Ranindu Dilshan"]
[Black "Kuznetsov, Mikhail"]
[WhiteFideId "9915834"]
[BlackFideId "4117190"]
[WhiteElo "2686"]
[BlackElo "2372"]
[Result "1-0"]
[Round "1"]
[TimeControl "180+2"]
[Date "2023.06.27"]
[WhiteClock "0:00:16"]
[BlackClock "0:00:00"]
[Board "135"]

1. e4 c6 2. d4 d5 3. e5 Bf5 4. c4 e6 5. Nc3 Ne7 6. h3 dxc4 7. Bxc4 Nd5 8. Nge2 Nd7 9. O-O Be7 10. Ng3 Bg6 11. Nce4 O-O 12. Qg4 c5 13. f4 cxd4 14. Bxd5 exd5 15. Nf2 f5 16. Qd1 Qb6 17. Ne2 Bc5 18. Nd3 Rfd8 19. Kh1 Be7 20. b3 Nf8 21. Bb2 Ne6 22. g4 Rf8 23. Ng3 Bh4 24. Nxf5 Bxf5 25. gxf5 Nc7 26. Qg4 Qh6 27. Bxd4 Nb5 28. Bc5 Rfc8 29. Rac1 b6 30. Be3 d4 31. Bd2 Nc3 32. Rg1 Be7 33. f6 Bf8 34. fxg7 Ba3 35. Rce1 1-0


[Site "https://www.chess.com"]

[Event "Titled Tuesday Blitz June 27 Early 2023"]
[White "SereneSalmon"]
[Black "Taspinar, Yanki"]
[BlackFideId "34561188"]
[WhiteElo "2371"]
[BlackElo "2682"]
[Result "0-1"]
[Round "1"]
[TimeControl "180+2"]
[Date "2023.06.27"]
[WhiteClock "0:00:15"]
[BlackClock "0:00:15"]
[Board "136"]

1. d4 Nf6 2. c4 e6 3. g3 c5 4. d5 exd5 5. cxd5 g6 6. Bg2 Bg7 7. Nc3 O-O 8. Nf3 d6 9. O-O Re8 10. Bf4 Na6 11. Nd2 Nh5 12. Be3 Rxe3 13. fxe3 Nc7 14. a4 Qe7 15. Nc4 Bf5 16. e4 Bd7 17. Qd3 Re8 18. a5 Na6 19. h3 Nb4 20. Qf3 Nc2 21. Rac1 Nd4 22. Qf2 Nf6 23. e3 Nb3 24. Rcd1 Rf8 25. Qf4 Ne8 26. g4 b5 27. axb6 axb6 28. Nxb6 Be5 29. Qf2 Na5 30. Nxd7 Qxd7 31. Rfe1 Nf6 32. Bf1 h5 33. g5 Nh7 34. Qg2 f6 35. gxf6 Rxf6 36. Bb5 Qg7 37. Rf1 Qh6 38. Rxf6 Nxf6 39. Rf1 Qxe3+ 40. Kh1 Kg7 41. Rg1 Qh6 42. Be2 Nb3 43. Bd1 Nd4 44. Ne2 Nxe2 45. Bxe2 Bxb2 46. Bxh5 Qxh5 47. Qxb2 Qxh3+ 48. Qh2 Qf3+ 49. Qg2 Qh5+ 50. Qh2 Qf3+ 51. Rg2 Nxe4 52. Qxd6 Nxd6 0-1


[Site "https://www.chess.com"]

[Event "Titled Tuesday Blitz June 27 Early 2023"]
[White "Jaracz, Pawel"]
[Black "Fernandez Siles, Luis"]
[WhiteFideId "1102222"]
[BlackFideId "2209420"]
[WhiteElo "2682"]
[BlackElo "2369"]
[Result "1-0"]
[Round "1"]
[TimeControl "180+2"]
[Date "2023.06.27"]
[WhiteClock "0:00:14"]
[BlackClock "0:00:02"]
[Board "137"]

1. e4 c5 2. Nf3 Nc6 3. Bb5 g6 4. Bxc6 dxc6 5. d3 Bg7 6. h3 Nf6 7. Nc3 Nd7 8. Be3 e5 9. Qd2 h6 10. Ng1 b6 11. Nge2 Nf8 12. f4 exf4 13. Nxf4 Ne6 14. O-O-O a5 15. Kb1 a4 16. Nce2 a3 17. b3 Nxf4 18. Nxf4 Qf6 19. d4 cxd4 20. Bxd4 Qxd4 21. Qxd4 Bxd4 22. Rxd4 O-O 23. e5 Re8 24. Re1 Ra5 25. Kc1 Kg7 26. Rde4 Bf5 27. R4e2 h5 28. c3 Ra7 29. Rf2 Rae7 30. Nxh5+ gxh5 31. Rxf5 Kg6 32. Rf6+ Kg5 33. Rxc6 Rxe5 34. Rxe5+ Rxe5 35. Kd2 Rd5+ 36. Ke3 Re5+ 37. Kf2 Rd5 38. Rxb6 Rd2+ 39. Kf3 Rxa2 40. Rb5+ f5 41. g4 hxg4+ 42. hxg4 Rc2 43. Rxf5+ Kg6 44. c4 Rc3+ 45. Ke4 Rxb3 46. Ra5 Rc3 47. Kd5 Rd3+ 48. Kc6 Rg3 49. c5 Kf6 50. Kd6 Rd3+ 51. Kc7 Ke7 52. c6 Rg3 53. g5 a2 54. Rxa2 Rxg5 55. Re2+ 1-0


[Site "https://www.chess.com"]

[Event "Titled Tuesday Blitz June 27 Early 2023"]
[White "Melikhov, Evgeny V."]
[Black "Arhan_Anand"]
[WhiteFideId "4122046"]
[WhiteElo "2368"]
[BlackElo "2676"]
[Result "0-1"]
[Round "1"]
[TimeControl "180+2"]
[Date "2023.06.27"]
[WhiteClock "0:00:58"]
[BlackClock "0:02:09"]
[Board "138"]

1. d4 d5 2. c4 c6 3. Nc3 Nf6 4. e3 e6 5. Nf3 Nbd7 6. Bd3 Bd6 7. O-O dxc4 8. Bxc4 O-O 9. e4 b5 10. Bd3 e5 11. Bg5 exd4 12. Nxd4 Ne5 13. Be2 b4 14. Nf5 Bxf5 15. exf5 bxc3 16. bxc3 Be7 17. Re1 Qxd1 18. Bxd1 Bd6 19. Ba4 Rfd8 20. f4 Bc5+ 21. Kf1 Neg4 22. Bxc6 Rac8 23. Bb7 Rb8 24. Rab1 Nxh2+ 25. Ke2 Re8+ 26. Kd2 Rxe1 27. Kxe1 Bb6 28. Ba6 Bf2+ 0-1


[Site "https://www.chess.com"]

[Event "Titled Tuesday Blitz June 27 Early 2023"]
[White "Korchmar, Vasiliy"]
[Black "Szente Varga, Fruzsina"]
[WhiteFideId "24131750"]
[BlackFideId "712264"]
[WhiteElo "2671"]
[BlackElo "2368"]
[Result "1-0"]
[Round "1"]
[TimeControl "180+2"]
[Date "2023.06.27"]
[WhiteClock "0:02:21"]
[BlackClock "0:00:11"]
[Board "139"]

1. e4 e5 2. Nf3 Nc6 3. Bc4 Nf6 4. d3 Be7 5. O-O O-O 6. Nc3 d6 7. a4 Bg4 8. Be3 Qd7 9. h3 Be6 10. Nd5 Bxd5 11. exd5 Nd8 12. d4 exd4 13. Nxd4 c5 14. dxc6 bxc6 15. Qf3 d5 16. Bd3 g6 17. Rfe1 Ne6 18. Rad1 Rfe8 19. c4 Nxd4 20. Bxd4 Nh5 21. cxd5 Qxd5 22. Be4 Qc4 23. Bxc6 Rad8 24. Bxe8 Rxe8 25. g4 Ng7 26. Qc3 Qxc3 27. Bxc3 Ne6 28. Rd7 Bc5 29. b4 Bb6 30. a5 Bc7 31. Rxe6 fxe6 32. Rxc7 Rd8 33. Rg7+ Kf8 34. Rxh7 1-0


[Site "https://www.chess.com"]

[Event "Titled Tuesday Blitz June 27 Early 2023"]
[White "TomLiu777"]
[Black "Danielyan, Vahe"]
[BlackFideId "13304828"]
[WhiteElo "2366"]
[BlackElo "2670"]
[Result "0-1"]
[Round "1"]
[TimeControl "180+2"]
[Date "2023.06.27"]
[WhiteClock "0:00:00"]
[BlackClock "0:02:54"]
[Board "140"]

1. c4 Nf6 2. Nc3 g6 3. g3 Bg7 4. Bg2 O-O 5. d4 c5 6. d5 e6 7. Nf3 exd5 8. cxd5 d6 9. O-O Re8 10. Bf4 Ne4 11. Nxe4 Rxe4 0-1


[Site "https://www.chess.com"]

[Event "Titled Tuesday Blitz June 27 Early 2023"]
[White "djokovic74"]
[Black "Mickiewicz, Piotr"]
[BlackFideId "1114891"]
[WhiteElo "2670"]
[BlackElo "2363"]
[Result "1-0"]
[Round "1"]
[TimeControl "180+2"]
[Date "2023.06.27"]
[WhiteClock "0:01:34"]
[BlackClock "0:00:20"]
[Board "141"]

1. e4 c6 2. Nf3 d5 3. Nc3 dxe4 4. Nxe4 Nf6 5. Qe2 Nxe4 6. Qxe4 Qd5 7. Qh4 Bf5 8. Bc4 Qe4+ 9. Qxe4 Bxe4 10. Bxf7+ Kxf7 11. Ng5+ Kg6 12. Nxe4 e6 13. O-O Nd7 14. d3 Nc5 15. Nc3 Bd6 16. Re1 Rae8 17. Be3 Rhf8 18. Rad1 a6 19. Re2 Nd7 20. Rde1 Bb4 21. Bd2 e5 22. a3 Ba5 23. Ne4 Bxd2 24. Nxd2 Re6 25. Nc4 Rfe8 26. f4 Kf5 27. fxe5 Nxe5 28. Rxe5+ Rxe5 29. Rxe5+ Rxe5 30. Nxe5 Kxe5 31. c3 Kf4 32. Kf2 g5 33. g3+ Ke5 34. Kf3 h5 35. h3 c5 36. Ke3 b5 37. d4+ Kd5 38. b3 a5 39. dxc5 Kxc5 40. Ke4 a4 41. bxa4 bxa4 42. Kd3 Kd5 43. c4+ Ke5 44. Kc3 h4 45. gxh4 gxh4 46. c5 1-0


[Site "https://www.chess.com"]

[Event "Titled Tuesday Blitz June 27 Early 2023"]
[White "a-z30"]
[Black "Agibileg, Uurtsaikh"]
[BlackFideId "4901606"]
[WhiteElo "2360"]
[BlackElo "2669"]
[Result "0-1"]
[Round "1"]
[TimeControl "180+2"]
[Date "2023.06.27"]
[WhiteClock "0:00:14"]
[BlackClock "0:02:17"]
[Board "142"]

1. d3 Nf6 2. Nf3 g6 3. g3 Bg7 4. Bg2 O-O 5. O-O d6 6. c4 e5 7. Nc3 Nbd7 8. Rb1 a5 9. b3 c6 10. Qc2 h6 11. e3 Nc5 12. d4 Bf5 13. e4 Ncxe4 14. Nh4 Nxg3 15. Nxf5 Nxf5 16. dxe5 dxe5 17. Re1 Nd4 18. Qd1 Qc7 19. Be3 Rad8 20. Bxd4 exd4 21. Ne4 Nh5 22. Qf3 Nf4 23. Rbd1 d3 24. Nc5 d2 25. Re4 Nxg2 26. Kxg2 h5 27. Re2 Bh6 28. Ne4 f5 29. Nc5 Rfe8 30. Ne6 Qe7 31. Nf4 Qg5+ 32. Qg3 Qxg3+ 33. hxg3 Bxf4 34. Rxe8+ Rxe8 35. gxf4 Rd8 36. Kf3 h4 37. Kg2 Rd3 38. f3 Kg7 39. Kh3 Rxf3+ 40. Kxh4 Rxf4+ 0-1


[Site "https://www.chess.com"]

[Event "Titled Tuesday Blitz June 27 Early 2023"]
[White "StiffMaster1"]
[Black "Llanos, Guillermo"]
[BlackFideId "100358"]
[WhiteElo "2669"]
[BlackElo "2359"]
[Result "1-0"]
[Round "1"]
[TimeControl "180+2"]
[Date "2023.06.27"]
[WhiteClock "0:01:43"]
[BlackClock "0:01:00"]
[Board "143"]

1. Nf3 c5 2. g3 Nc6 3. Bg2 e5 4. O-O g6 5. Nc3 Bg7 6. e4 Nge7 7. Nd5 Nxd5 8. exd5 Ne7 9. c4 d6 10. d3 O-O 11. a3 a5 12. Rb1 a4 13. b4 axb3 14. Qxb3 h6 15. Ne1 f5 16. f4 Kh7 17. fxe5 Bxe5 18. Nc2 g5 19. d4 cxd4 20. Bb2 Ng6 21. Nxd4 Qf6 22. Nb5 f4 23. Nc7 Bf5 24. Bxe5 dxe5 25. Nxa8 Bxb1 26. Qxb1 Rxa8 27. Qxb7+ Qe7 28. Qxa8 e4 29. d6 Qxd6 1-0


[Site "https://www.chess.com"]

[Event "Titled Tuesday Blitz June 27 Early 2023"]
[White "Alahakoon, Isuru"]
[Black "Bauman_Guy"]
[WhiteFideId "9900993"]
[WhiteElo "2356"]
[BlackElo "2666"]
[Result "1/2-1/2"]
[Round "1"]
[TimeControl "180+2"]
[Date "2023.06.27"]
[WhiteClock "0:00:08"]
[BlackClock "0:00:15"]
[Board "144"]

1. Nf3 d5 2. e3 c6 3. c4 Nf6 4. d4 g6 5. Nc3 Bg7 6. Be2 O-O 7. O-O a6 8. a4 Nbd7 9. cxd5 cxd5 10. Qb3 e6 11. Bd2 Qb6 12. Qa3 Ne4 13. Nxe4 dxe4 14. Ng5 Nf6 15. a5 Qd8 16. Bb4 Re8 17. f3 exf3 18. Bxf3 h6 19. Ne4 Nd5 20. Bd2 Bd7 21. Nd6 Bf8 22. Bxd5 exd5 23. Bb4 Bxd6 24. Bxd6 Bf5 25. Be5 f6 26. Bf4 Kg7 27. Rac1 Rc8 28. Qb4 Qd7 29. Qb6 Re6 30. Qb3 Rec6 31. Rxc6 Rxc6 32. h3 g5 33. Bg3 Be4 34. Qb4 h5 35. b3 h4 36. Bh2 g4 37. hxg4 Rc2 38. Rf2 Rxf2 39. Kxf2 Kg8 40. Qc5 Qxg4 41. Ke1 Bxg2 42. Qe7 Qe4 43. Qxe4 Bxe4 44. Kf2 Kf7 45. Bf4 Ke6 46. Bc7 Kd7 47. Bb6 Kc6 48. Bd8 h3 49. Kg3 Bf5 50. Bxf6 Kb5 51. Bd8 Kb4 52. Bc7 Kxb3 53. Kf2 Kc4 54. Bb6 Kd3 55. Bd8 h2 56. Kg2 Kxe3 57. Bb6 Ke4 58. Kxh2 Bd7 59. Kg3 Bc6 60. Kf2 Kd3 61. Kf3 Kc4 62. Kf4 1/2-1/2


[Site "https://www.chess.com"]

[Event "Titled Tuesday Blitz June 27 Early 2023"]
[White "Kvaloy, Aksel Bu"]
[Black "Vasques, Antonio Pedro Freixial"]
[WhiteFideId "1528815"]
[BlackFideId "1908332"]
[WhiteElo "2666"]
[BlackElo "2355"]
[Result "1-0"]
[Round "1"]
[TimeControl "180+2"]
[Date "2023.06.27"]
[WhiteClock "0:00:51"]
[BlackClock "0:00:07"]
[Board "145"]

1. e4 c5 2. Nf3 e6 3. d4 cxd4 4. Nxd4 Nc6 5. Nc3 Qc7 6. Be3 a6 7. g4 Bb4 8. Nxc6 Qxc6 9. Qd4 Bxc3+ 10. bxc3 Nf6 11. g5 Nxe4 12. Qxg7 Rf8 13. Bg2 Qxc3+ 14. Qxc3 Nxc3 15. Bc5 Rg8 16. h4 d5 17. Kd2 Na4 18. Bd4 Bd7 19. Rab1 b5 20. Rhe1 Bc6 21. Bf1 Kd7 22. Bd3 h5 23. gxh6 Rg4 24. h7 Rxd4 25. Rh1 Nc5 26. Ke3 Rg4 27. Rbg1 Rxg1 28. Rxg1 d4+ 29. Kxd4 Nxd3 30. Rg8 e5+ 1-0


[Site "https://www.chess.com"]

[Event "Titled Tuesday Blitz June 27 Early 2023"]
[White "Fajdetic, Hrvoje"]
[Black "Ashraf, Artin"]
[WhiteFideId "14501945"]
[BlackFideId "22514805"]
[WhiteElo "2354"]
[BlackElo "2663"]
[Result "0-1"]
[Round "1"]
[TimeControl "180+2"]
[Date "2023.06.27"]
[WhiteClock "0:00:00"]
[BlackClock "0:01:14"]
[Board "146"]

1. d4 Nf6 2. Bf4 g6 3. Nc3 d5 4. e3 Bg7 5. h4 h5 6. Nf3 O-O 7. Ne5 c5 8. Be2 cxd4 9. exd4 Nc6 10. Qd2 Bf5 11. f3 Rc8 12. g4 hxg4 13. Nxc6 Rxc6 14. fxg4 Ne4 15. gxf5 Nxd2 16. Bxd2 gxf5 17. O-O-O Bh6 18. Rdg1+ Kh7 19. Bd3 Bxd2+ 20. Kxd2 e6 21. Rg5 Rg8 22. Rh5+ Kg6 23. Be2 Kf6 24. Nd1 Qa5+ 25. c3 Qxa2 26. Rh6+ Ke7 27. Rh7 Rb6 28. Kc2 Rg2 29. Re1 a5 30. h5 a4 0-1


[Site "https://www.chess.com"]

[Event "Titled Tuesday Blitz June 27 Early 2023"]
[White "Kourkoulos-Arditis, Stamatis"]
[Black "Kovacsy, Barnabas"]
[WhiteFideId "4221990"]
[BlackFideId "769290"]
[WhiteElo "2661"]
[BlackElo "2353"]
[Result "1-0"]
[Round "1"]
[TimeControl "180+2"]
[Date "2023.06.27"]
[WhiteClock "0:01:11"]
[BlackClock "0:01:40"]
[Board "147"]

1. c4 Nf6 2. Nc3 d5 3. cxd5 Nxd5 4. g3 g6 5. Bg2 Nxc3 6. bxc3 Bg7 7. Rb1 Nc6 8. Nf3 O-O 9. O-O Be6 10. Qc2 Qc8 11. d4 b6 12. e4 Bh3 13. Be3 Bxg2 14. Kxg2 e6 15. c4 Rd8 16. Rfd1 Na5 17. Bg5 Rd7 18. Ne5 Bxe5 19. dxe5 Qe8 20. Bf6 Nc6 21. Rxd7 Qxd7 22. Rd1 Qe8 23. h4 h5 24. Qc1 Kh7 25. g4 Ne7 26. Qg5 Ng8 27. gxh5 Nxf6 28. hxg6+ fxg6 29. exf6 e5 30. h5 Qf7 31. hxg6+ Qxg6 32. Rd7+ 1-0


[Site "https://www.chess.com"]

[Event "Titled Tuesday Blitz June 27 Early 2023"]
[White "Bogaudinov, Rushan"]
[Black "Alex_Sahakyan2006"]
[WhiteFideId "4129288"]
[WhiteElo "2353"]
[BlackElo "2658"]
[Result "0-1"]
[Round "1"]
[TimeControl "180+2"]
[Date "2023.06.27"]
[WhiteClock "0:00:00"]
[BlackClock "0:00:47"]
[Board "148"]

1. d4 Nf6 2. Nf3 g6 3. g3 Bg7 4. Bg2 c5 5. O-O cxd4 6. Nxd4 O-O 7. e4 d6 8. c3 Bg4 9. Qb3 Qc8 10. e5 dxe5 11. Bxb7 Qc7 12. Bxa8 exd4 13. Bg2 d3 14. Be3 Be2 15. Re1 Ng4 16. Qb7 Qxb7 17. Bxb7 Nxe3 18. fxe3 Bh6 19. Kf2 Nd7 20. Nd2 Ne5 21. Bf3 Bxf3 22. Nxf3 Ng4+ 23. Kg1 Rb8 24. b3 Bxe3+ 25. Kg2 Bc5 26. Nd2 Ne3+ 27. Kf3 Nc2 28. Rad1 Nxe1+ 29. Rxe1 Kf8 30. Re4 f5 31. Rc4 Bb6 32. b4 e5 33. a4 e4+ 34. Kf4 g5+ 35. Kxf5 e3 36. Nf3 d2 37. Nxd2 exd2 38. a5 d1=Q 39. axb6 Qd5+ 0-1


[Site "https://www.chess.com"]

[Event "Titled Tuesday Blitz June 27 Early 2023"]
[White "Sahib Singh"]
[Black "Glavina, Pablo"]
[WhiteFideId "25618342"]
[BlackFideId "100234"]
[WhiteElo "2658"]
[BlackElo "2352"]
[Result "1-0"]
[Round "1"]
[TimeControl "180+2"]
[Date "2023.06.27"]
[WhiteClock "0:00:14"]
[BlackClock "0:00:12"]
[Board "149"]

1. e4 e5 2. Bc4 Nf6 3. d4 exd4 4. Nf3 Nc6 5. e5 d5 6. Bb5 Ne4 7. Nxd4 Bc5 8. O-O O-O 9. Nxc6 bxc6 10. Bd3 Qe7 11. Bxe4 dxe4 12. Bf4 Rb8 13. Nc3 Bf5 14. Rb1 Rfd8 15. Qe2 Bd4 16. Nxe4 Bxe5 17. Ng3 Bxc2 18. Qxe5 Qxe5 19. Bxe5 Bxb1 20. Rxb1 Re8 21. Bxc7 Rb7 22. Ba5 Rd7 23. Kf1 Rd5 24. Bc3 g6 25. Re1 Rxe1+ 26. Kxe1 f5 27. Ne2 Kf7 28. Nf4 Rd7 29. h4 Re7+ 30. Kd2 Re4 31. g3 h6 32. f3 Re7 33. h5 g5 34. Ng6 Rd7+ 35. Ke3 Rd5 36. Ne5+ Ke6 37. Nxc6 Rc5 38. Nd4+ Kd6 39. Bb4 1-0


[Site "https://www.chess.com"]

[Event "Titled Tuesday Blitz June 27 Early 2023"]
[White "Ng, Clive"]
[Black "Kjartansson, David"]
[WhiteFideId "3214869"]
[BlackFideId "2301130"]
[WhiteElo "2352"]
[BlackElo "2658"]
[Result "0-1"]
[Round "1"]
[TimeControl "180+2"]
[Date "2023.06.27"]
[WhiteClock "0:00:00"]
[BlackClock "0:01:15"]
[Board "150"]

1. e4 d6 2. d4 Nf6 3. Nc3 e5 4. Nge2 Nbd7 5. f3 Be7 6. Be3 c6 7. Qd2 Qc7 8. g4 b5 9. Ng3 g6 10. h4 h5 11. g5 Nh7 12. O-O-O O-O 13. f4 b4 14. Nce2 Nb6 15. Ng1 Bg4 16. Re1 exd4 17. Bxd4 c5 18. Bf2 Rfe8 19. f5 Bf8 20. Nh3 a5 21. Nf4 a4 22. Nd5 Nxd5 23. Qxd5 Kh8 24. Bc4 b3 25. Qxf7 Qxf7 26. Bxf7 gxf5 27. Bxe8 bxa2 28. Kd2 Rxe8 29. exf5 Rb8 30. Ra1 Rxb2 31. Kc3 a3 32. Rhe1 Bg7+ 33. f6 Nxf6 34. gxf6 Bxf6+ 35. Kc4 Rxc2+ 36. Kb3 Rxf2 37. Rxa2 Rf3+ 38. Ka4 Bd7+ 39. Ka5 Bc3+ 0-1


[Site "https://www.chess.com"]

[Event "Titled Tuesday Blitz June 27 Early 2023"]
[White "Manukyan, Sargis A."]
[Black "Rodrigues, Bruno Morado"]
[WhiteFideId "13303970"]
[BlackFideId "2115654"]
[WhiteElo "2655"]
[BlackElo "2351"]
[Result "1-0"]
[Round "1"]
[TimeControl "180+2"]
[Date "2023.06.27"]
[WhiteClock "0:01:19"]
[BlackClock "0:00:11"]
[Board "151"]

1. d4 d5 2. c4 c6 3. Nc3 Nf6 4. e3 e6 5. Nf3 Nbd7 6. Bd3 Bd6 7. O-O O-O 8. e4 dxc4 9. Bxc4 e5 10. Bg5 Qe7 11. d5 Nb6 12. Bb3 Bg4 13. dxc6 bxc6 14. h3 Bh5 15. g4 Bg6 16. Qe2 Rfd8 17. Rfd1 Bc5 18. Kg2 Bd4 19. Nh4 Bxc3 20. bxc3 Qc5 21. Bxf6 gxf6 22. Qf3 Nc4 23. Nxg6 hxg6 24. Qxf6 Rd6 25. Rxd6 Qxd6 26. Qg5 Na5 27. Rd1 1-0


[Site "https://www.chess.com"]

[Event "Titled Tuesday Blitz June 27 Early 2023"]
[White "crosky"]
[Black "Stoleriu, George"]
[BlackFideId "1227505"]
[WhiteElo "2348"]
[BlackElo "2654"]
[Result "0-1"]
[Round "1"]
[TimeControl "180+2"]
[Date "2023.06.27"]
[WhiteClock "0:00:27"]
[BlackClock "0:00:07"]
[Board "152"]

1. d4 e6 2. c4 Nf6 3. Nc3 Bb4 4. a3 Bxc3+ 5. bxc3 O-O 6. f3 b6 7. e4 Ne8 8. Bd3 d6 9. f4 Nc6 10. Nf3 Na5 11. O-O Ba6 12. Qe2 c5 13. e5 g6 14. f5 exf5 15. Bh6 Ng7 16. Ng5 cxd4 17. cxd4 dxe5 18. Bxg7 Kxg7 19. Qxe5+ Kg8 20. Nxh7 Kxh7 21. Rf3 f6 22. Qf4 Nc6 23. Bxf5 Qxd4+ 24. Qxd4 Nxd4 25. Rh3+ Kg7 26. Bd3 Rad8 27. Rg3 Rfe8 28. Rxg6+ Kf7 29. Rf1 Re6 30. h4 Rh8 31. g3 Bb7 32. c5 Nf3+ 33. Kf2 Ne5 0-1


[Site "https://www.chess.com"]

[Event "Titled Tuesday Blitz June 27 Early 2023"]
[White "Karttunen, Mika"]
[Black "Sovetbekova, Nurai"]
[WhiteFideId "502081"]
[BlackFideId "13801910"]
[WhiteElo "2651"]
[BlackElo "2348"]
[Result "1-0"]
[Round "1"]
[TimeControl "180+2"]
[Date "2023.06.27"]
[WhiteClock "0:00:16"]
[BlackClock "0:00:00"]
[Board "153"]

1. e4 c5 2. Nf3 Nc6 3. Bb5 e5 4. Bxc6 dxc6 5. d3 Bd6 6. h3 Ne7 7. Nbd2 O-O 8. Nc4 f6 9. Nxd6 Qxd6 10. Be3 Be6 11. Nd2 Rad8 12. O-O b5 13. Qe2 Nc8 14. b3 Nb6 15. a4 bxa4 16. bxa4 Rb8 17. a5 Nd7 18. Rfb1 Qc7 19. Nb3 c4 20. dxc4 Rb4 21. Nd2 Rfb8 22. Rb3 c5 23. Qd3 R8b7 24. Qc3 Nb8 25. Kh1 Qe7 26. Rab1 Nc6 27. Rxb4 Rxb4 28. Rxb4 cxb4 29. Qa1 Qd8 30. a6 Qc7 31. Kg1 Ne7 32. Qa4 Kf7 33. Qxb4 Nc6 34. Qc5 Qd7 35. Kh2 Nd4 36. Bxd4 exd4 37. Nf3 Kg6 38. Nxd4 Bf7 39. Qf5+ Qxf5 40. exf5+ 1-0


[Site "https://www.chess.com"]

[Event "Titled Tuesday Blitz June 27 Early 2023"]
[White "Tarasova, Viktoriya"]
[Black "Leon Oquendo, Jorge"]
[WhiteFideId "4175840"]
[BlackFideId "3514803"]
[WhiteElo "2347"]
[BlackElo "2650"]
[Result "0-1"]
[Round "1"]
[TimeControl "180+2"]
[Date "2023.06.27"]
[WhiteClock "0:00:00"]
[BlackClock "0:00:08"]
[Board "154"]

1. d4 Nf6 2. c4 e6 3. Nc3 d5 4. cxd5 exd5 5. Bg5 Be7 6. Qc2 O-O 7. e3 Nbd7 8. Bd3 h6 9. Bh4 c5 10. Nge2 cxd4 11. exd4 Re8 12. O-O a6 13. Rfe1 Nf8 14. Qb3 Ne6 15. Rad1 b5 16. a3 Bb7 17. Bb1 Rc8 18. Bf5 Rc4 19. Bxe6 fxe6 20. Nf4 Bc8 21. Nxe6 Qd6 22. Bg3 Qc6 23. Nf4 Bd6 24. Rxe8+ Nxe8 25. Nce2 Nf6 26. f3 Bf5 27. h3 Bc2 28. Qe3 Bxd1 29. Qe6+ Kh8 30. Ng6+ Kh7 31. Bxd6 Bxe2 32. Ne5 Qe8 33. Qf5+ Kg8 34. Ng6 Bd1 35. Ne7+ Kf7 36. Kh2 Bc2 37. Qf4 Qd7 38. g4 Rc6 39. Bc5 Re6 40. g5 hxg5 41. Qxg5 Rxe7 42. Bxe7 Qxe7 0-1


[Site "https://www.chess.com"]

[Event "Titled Tuesday Blitz June 27 Early 2023"]
[White "Florescu, Codrut-Constantin"]
[Black "Gutkin, Ilya"]
[WhiteFideId "1202200"]
[BlackFideId "16203470"]
[WhiteElo "2649"]
[BlackElo "2345"]
[Result "1-0"]
[Round "1"]
[TimeControl "180+2"]
[Date "2023.06.27"]
[WhiteClock "0:01:03"]
[BlackClock "0:00:00"]
[Board "155"]

1. e4 e5 2. Nf3 Nc6 3. Bc4 Nf6 4. d3 Bc5 5. h3 d6 6. c3 Be6 7. Bxe6 fxe6 8. b4 Bb6 9. a4 a6 10. a5 Ba7 11. Nbd2 O-O 12. O-O Nh5 13. Nxe5 Nxe5 14. Qxh5 Nxd3 15. Nf3 Qf6 16. Bd2 Nf4 17. Bxf4 Qxf4 18. Rae1 e5 19. Re2 Rf6 20. Qh4 Raf8 21. Qxf4 Rxf4 22. Ng5 R4f6 23. h4 h6 24. Nh3 Rg6 25. Kh2 Rg4 26. g3 Rf3 27. Kg2 Rxc3 28. h5 Rc4 29. f3 Rg5 30. Nxg5 hxg5 31. f4 gxf4 32. gxf4 exf4 33. Rxf4 Rxb4 34. h6 gxh6 35. Kh3 Rb3+ 36. Kh4 Bd4 37. Rg2+ Kh8 38. Rf8+ Kh7 39. Rf7+ Kh8 40. Rxc7 Bf6+ 41. Kh5 Bg5 42. Kg6 1-0


[Site "https://www.chess.com"]

[Event "Titled Tuesday Blitz June 27 Early 2023"]
[White "Ankerst, Mihael"]
[Black "Schnaider, Ilan"]
[WhiteFideId "14602369"]
[BlackFideId "169013"]
[WhiteElo "2343"]
[BlackElo "2648"]
[Result "0-1"]
[Round "1"]
[TimeControl "180+2"]
[Date "2023.06.27"]
[WhiteClock "0:00:04"]
[BlackClock "0:01:55"]
[Board "156"]

1. e4 d5 2. exd5 Qxd5 3. c4 Qa5 4. Nc3 e5 5. Nf3 c6 6. d4 exd4 7. Nxd4 Nf6 8. Be2 Be7 9. O-O O-O 10. Bf4 Rd8 11. Nb3 Qf5 12. Qc1 Be6 13. Re1 Na6 14. Be3 Bd6 15. Nd4 Qe5 16. f4 Qa5 17. Nxe6 fxe6 18. Bf3 Nb4 19. Rd1 e5 20. f5 e4 21. Bxe4 Qe5 22. Rxd6 Rxd6 23. Bf4 Qd4+ 24. Kh1 Nxe4 25. Bxd6 Nxd6 26. Ne2 Qe5 27. Ng3 Nd3 28. Qc2 Qd4 29. Rf1 Re8 30. Qd2 Nxc4 31. Qg5 Nf2+ 32. Kg1 Nh3+ 33. Kh1 Qg1+ 34. Rxg1 Nf2# 0-1


[Site "https://www.chess.com"]